Unix NetHack Version 5.0.0-0 post-release - last build May 31 2026 23:59:36 (970b52f25bf058293b47ddfd14a1e40e571c508c,branch:main).

Game began 2026-06-01 03:49:44, ended 2026-06-01 03:51:16.

Eesui, neutral male gnomish Healer

                          --------------      ----------------
                          |............|      +..........(...|
                          |............|     #|...Z..........|
                          |............|  #)##...>...........|
                          |............|  # # -------.--------
  ----                    |............|### #        ###
  |...                    -----.---.----#   #          ####
  |....                       ######    #   #             ###
  |....|  #                   #  #  #####   #           ----.---------
  |...d@######               ##  ###        #           |............|
  ------  ###d########       #     ######   #           |............|
             ##      ####  ###          ##  #           |............|
                        ######           #  #       ####.............|
                         .               #  #########   |............|
                        ..>       -------.--#           --------------
                       |....|     +........+
                       |....|     |.....<..|
                       ..(..+     -........+
                       ------     ----------

Eesui the Rhizotomist        St:13 Dx:8 Co:15 In:10 Wi:15 Ch:16  Neutral
Dlvl:2  $:1576 HP:0(12) Pw:0(5) AC:8  Xp:1/5 T:448 

Latest messages:
 The kobold hits!
 You miss the kobold.
 The kobold hits!
 The little dog bites the kobold.
 The kobold misses the little dog.
 In what direction? .
 You feel better.
 The little dog misses the kobold.
 The kobold hits!
 The little dog misses the kobold.
 You hit the kobold.
 The little dog bites the kobold.
 The kobold is killed!
 You swap places with your little dog.
 You see here 4 darts.
 You descend the stairs.
 You climb up the stairs.
 You see here a statue of a kobold zombie.
 You swap places with your little dog.
 You see here a large box.
 You see here 4 darts.
 The lichen touches you!
 You hit the lichen.
 You miss the lichen.
 You hit the lichen.
 The lichen touches you!
 You kill the lichen!
 You see here a lichen corpse.
 p - a lichen corpse.
 Ouch!  You bump into a door.
 The door resists!
 The door resists!
 The door resists!
 The door opens.
 The fox bites!
 You miss the fox.
 The fox bites!
 You hit the fox.
 The fox bites!
 In what direction? .
 You feel better.
 The fox bites!
 You miss the fox.
 The fox bites!
 The fox bites!
 You miss the fox.
 The fox bites!
 The fox bites!
 You die...
 Do you want your possessions identified? [ynq] (y) q

Inventory:
 Coins    ('$')
  $ - 1576 gold pieces
 Weapons  (')')
  a - a +0 scalpel (weapon in right hand)
 Armor    ('[')
  b - a blessed +1 pair of leather gloves (being worn)
 Comestibles  ('%')
  n - an uncursed slime mold
  k - 7 uncursed apples
  o - an uncursed food ration
  m - an uncursed tripe ration
  p - an uncursed lichen corpse
 Spellbooks  ('+')
  i - a blessed spellbook of extra healing
  h - a blessed spellbook of healing
  j - a blessed spellbook of stone to flesh
 Potions  ('!')
  f - 4 uncursed potions of extra healing
  e - a blessed potion of healing
  d - 3 uncursed potions of healing
 Wands    ('/')
  l - a cursed wand of polymorph (0:4)
  g - a wand of sleep (0:7)
 Tools    ('(')
  c - an uncursed stethoscope

Eesui the Healer's attributes:

Background:
 You were a Rhizotomist, a level 1 male gnomish Healer.
 You were neutral, on a mission for Hermes
 who was opposed by Athena (lawful) and Poseidon (chaotic).
 You were right-handed.
 You were in the Dungeons of Doom, on level 2.
 You entered the dungeon 448 turns ago.
 It was nighttime.
 There was a full moon in effect when your adventure ended.
 You had 5 experience points, 15 more were needed to attain level 2.

Basics:
 You had 0 out of 12 hit points.
 You had 0 out of 5 energy points (spell power).
 Your armor class was 8.
 Your wallet contained 1576 zorkmids.
 Autopickup was on for '$?!/=+"' plus thrown.

Final Characteristics:
 Your strength was 13 (limit:18/50).
 Your dexterity was 8 (limit:18).
 Your constitution was 15 (limit:18).
 Your intelligence was 10 (limit:19).
 Your wisdom was 15 (limit:18).
 Your charisma was 16 (limit:18).

Final Status:
 You weren't hungry.
 You were unencumbered.
 You were wielding a knife.
 You had basic skill with knife.

Final Attributes:
 You were fervently aligned.
 You were poison resistant.
 You had infravision.
 You were lucky.
 You are dead.

Miscellaneous:
 You didn't encounter any bones levels.
 Total elapsed playing time was 1 minute and 31 seconds.

Major events:
 Turn
    1: Eesui the neutral male gnomish Healer entered the dungeon
  346: entered the Gnomish Mines
  448: killed by a fox

Spells:
 Name                 Level Category     Fail Retention
 healing                1   healing        0%  91%-100%
 extra healing          3   healing       62%  91%-100%
 stone to flesh         3   healing       71%  91%-100%

Skills:
 Fighting Skills
   bare handed combat [Unskilled]
 Weapon Skills
   dagger             [Unskilled]
   knife              [Basic]
   short sword        [Unskilled]
   saber              [Unskilled]
   club               [Unskilled]
   mace               [Unskilled]
   quarterstaff       [Unskilled]
   polearms           [Unskilled]
   spear              [Unskilled]
   trident            [Unskilled]
   sling              [Unskilled]
   dart               [Unskilled]
   shuriken           [Unskilled]
   unicorn horn       [Unskilled]
 Spellcasting Skills
   healing spells     [Basic]

Voluntary challenges:
 Character rerolling was not enabled.
 You went without food.
 You were an atheist.
 You never genocided any monsters.
 You never polymorphed an object.
 You never changed form.
 You used no wishes.
Achievement:
 You entered the Gnomish Mines.

 The Dungeons of Doom: levels 1 to 2
    Level 1:
       A fountain.
    Level 2: <- You were here.
       Stairs down to The Gnomish Mines.
       Final resting place for
          you, killed by a fox.
 The Gnomish Mines:
    Level 3:


Vanquished creatures:
  a jackal
  a kobold
  a grid bug
  a lichen
4 creatures vanquished.

No species were genocided or became extinct.

Game over:
                       ----------
                      /          \
                     /    REST    \
                    /      IN      \
                   /     PEACE      \
                  /                  \
                  |      Eesui       |
                  |     1576 Au      |
                  | killed by a fox  |
                  |                  |
                  |                  |
                  |                  |
                  |       2026       |
                 *|     *  *  *      | *
        _________)/\\_//(\/(/\)/\//\/|_)_______

Goodbye Eesui the Healer...

You died in The Dungeons of Doom on dungeon level 2 with 142 points,
and 1576 pieces of gold, after 448 moves.
You were level 1 with a maximum of 12 hit points when you died.

